 Dungeon Crawl Stone Soup version 0.25-a0-404-gc1b5a34292 (webtiles) character file.

Game seed: 8213728411644113989, levelgen mode: deterministic

12 Jerej03 the Gusty (level 2, 0/20 HPs)
             Began as a Draconian Air Elementalist on Jan 11, 2020.
             Killed from afar by Natasha (4 damage)
             ... with a magic dart
             ... on level 2 of the Dungeon.
             The game lasted 00:03:15 (500 turns).

Jerej03 the Gusty (Draconian Air Elementalist)       Turns: 500, Time: 00:03:16

Health: 0/20       AC:  4    Str: 10    XL:     2   Next: 20%
Magic:  1/5        EV: 12    Int: 15    God:
Gold:   24         SH:  0    Dex: 11    Spells: 4/5 levels left

rFire    . . .     SeeInvis .   (no weapon)
rCold    . . .     Gourm    .   (no shield)
rNeg     . . .     Faith    .   (armour unavailable)
rPois    .         Spirit   .   (helmet restricted)
rElec    .         Reflect  .   (no cloak)
rCorr    .         Harm     .   (no gloves)
MR       .....                  (no boots)
Stlth    ++........             (no amulet)
HPRegen  0.06/turn              c - ring of flight
MPRegen  0.09/turn              (no ring)

@: no status effects
A: unfitting armour, cold-blooded, AC +4
a: Evoke Flight


You were on level 2 of the Dungeon.
You were not hungry.

You visited 1 branch of the dungeon, and saw 2 of its levels.

You collected 24 gold pieces.

Inventory:

Jewellery
 c - a ring of flight (left hand)
Scrolls
 a - a scroll of identify {unknown}
 d - 4 scrolls of remove curse {unknown}
 e - a scroll of amnesia {unknown}
 f - a scroll of enchant armour {unknown}
Comestibles
 b - a ration


   Skills:
 + Level 1.9 Dodging
 + Level 2.1 Stealth
 + Level 2.2 Spellcasting
 + Level 1.0 Conjurations
 + Level 3.1 Air Magic


You had 4 spell levels left.
You knew the following spells:

 Your Spells              Type           Power        Failure   Level  Hunger
a - Shock                 Conj/Air       #...         10%         1    #......

Your spell library contained the following spells:

 Spells                   Type           Power        Failure   Level  Hunger
 Swiftness                Chrm/Air       #.......     17%         2    ###....
 Static Discharge         Conj/Air       #.......     28%         3    ###....
 Airstrike                Air            ##........   52%         4    #####..
 Lightning Bolt           Conj/Air       #.........   95%         5    ######.


Dungeon Overview and Level Annotations

Branches:
Dungeon (2/15)

Altars:
The Shining One

Annotations:
D:2 Natasha


Innate Abilities, Weirdness & Mutations

Your plain brown scales are hard. (AC +4)
You cannot fit into any form of body armour.
You are cold-blooded and may be slowed by cold attacks.


Message History

Aiming: Shock (safe; 10% risk of failure)
Press: ? - help, Shift-Dir - straight line, f/p - worm
Aim: a worm (moderately wounded)
The zap hits the worm.
The worm is moderately wounded.
Casting: Shock (safe; 10% risk of failure)
Confirm with . or Enter, or press ? or * to list all spells.
You don't know that spell.
Natasha, Servant of Life and Death comes into view.
Natasha hisses angrily.
You hear an angry hiss.
A rat comes into view.
A frilled lizard comes into view.
Natasha barely misses you.
A hobgoblin comes into view.
Natasha closely misses you. The worm bites you.
* * * LOW HITPOINT WARNING * * *
Natasha stares at you and mumbles some strange words.
The magic dart hits you.
You die...

#.# #w.(
#.# #....
####.####
......
#.......#
......#
#.##.##.#
.......
#.##w# #
#.##.#
#.##.##.#
#@w.....#
#.#####.#
### #h# #
.....##.#
#....#
......l.#
...#..#.r
g.
#..##.#
.... .#


You could see a worm, Natasha, a frilled lizard and a rat.

Vanquished Creatures
  A worm (D:2)
  3 bats (D:1)
  2 hobgoblins (D:1)
  A frilled lizard (D:1)
  A kobold (D:1)
  3 rats (D:1)
11 creatures vanquished.

Notes
Turn   | Place    | Note
-------+----------+-------------------------------------------
     0 | D:1      | Jerej03 the Draconian Air Elementalist began the quest for
                  | the Orb.
     0 | D:1      | Reached XP level 1. HP: 14/14 MP: 3/3
   333 | D:1      | Found a glowing golden altar of the Shining One.
   335 | D:1      | Reached XP level 2. HP: 13/20 MP: 3/5
   495 | D:2      | Noticed Natasha
   500 | D:2      | Killed from afar by Natasha

Levels and vault maps discovered:
D:1:      dpeg_arrival_rooms_a, layout_basic, tso_metal_star
D:2:      layout_loops_cross, serial_bayou_pond_b, uniq_natasha, uniq_sigmund,
          uniq_jessica, uniq_terence

Skill      XL: |  1 |
---------------+----+-----
Stealth        | 2 |  2.1
Dodging        | |  1.9
Spellcasting   | |  2.2
Conjurations   | |  1.0
Air Magic      | |  3.1

Action                   || total
-------------------------++-------
Melee: Unarmed           ||    54
       Tailslap          ||     4
 Cast: Shock             ||    24
Armor: Skin              ||    30
Dodge: Dodged            ||    58

Table legend:
 A = Non-vault XP
 B = Vault XP
 C = Vault XP percentage of total XP
 D = Non-vault monster count
 E = Vault monster count
 F = Vault count percentage of total count
                 A         B        C        D         E       F
            +---------+---------+-------+---------+---------+-------
      Total |      18 |       0 |   0.0 |      11 |       0 |   0.0
            +---------+---------+-------+---------+---------+-------
        D:1 |      14 |       0 |   0.0 |      10 |       0 |   0.0
        D:2 |       4 |       0 |   0.0 |       1 |       0 |   0.0
            +---------+---------+-------+---------+---------+-------
